 Dungeon Crawl Stone Soup version 0.31-a0-845-g9abc20d24f (webtiles) character file.

Game seed: 5958244154766889532

49 Kurtz the Chopper (level 3, -2/26 HPs)
             Began as an Octopode Fighter on Oct 2, 2023.
             Slain by Sigmund
             ... wielding a +0 scythe
              (10 damage)
             ... on level 2 of the Dungeon.
             The game lasted 00:00:38 (899 turns).

Kurtz the Chopper (Octopode Fighter)                 Turns: 899, Time: 00:00:39

Health: -2/26      AC:  1    Str: 15    XL:     3   Next: 75%
Magic:  3/3        EV: 13    Int: 10    God:
Gold:   112        SH:  0    Dex: 13    Spells: 2/2 levels left

rFire   . . .        a - +0 war axe
rCold   . . .        b - +0 buckler
rNeg    . . .        (helmet restricted)
rPois   .            (no amulet)
rElec   .            (no ring)
rCorr   .            (no ring)
SInv    .            (no ring)
Will    .....        (no ring)
Stlth   ++           (no ring)
HPRegen 0.24/turn    (no ring)
MPRegen 0.08/turn    (no ring)
                     (no ring)

%: no passive effects
@: confused, lethally poisoned (-2 -> -3), hasted, very quick
A: almost no armour, amphibious, 8 rings, camouflage 1, gelatinous body 1,
(nimble swimmer 1), tentacles
a: no special abilities


You were on level 2 of the Dungeon.
You visited 1 branch of the dungeon, and saw 2 of its levels.

You collected 112 gold pieces.

Inventory:

Hand Weapons
 a - a +0 war axe (weapon)
Armour
 b - a +0 buckler (worn)
Scrolls
 d - 2 scrolls of amnesia {unknown}
 g - 3 scrolls of immolation {unknown}
 j - 3 scrolls of revelation {unknown}
Potions
 c - a potion of might
 f - a potion of brilliance {unknown}
 h - a potion of heal wounds {unknown}
 i - 2 potions of enlightenment {unknown}
 k - a potion of lignification {unknown}


   Skills:
 - Level 3.0 Fighting
 * Level 4.0 Axes
 - Level 3.0 Dodging
 - Level 3.0 Shields


You had 2 spell levels left.
You didn't know any spells.
Your spell library was empty.

Dungeon Overview and Level Annotations

Branches:
Dungeon (2/15)

Altars:

Annotations:
D:2 Sigmund


Innate Abilities, Weirdness & Mutations

You cannot wear most types of armour.
You are amphibious.
You can wear up to eight rings at the same time.
Your skin changes colour to match your surroundings (Stealth+).
Your rubbery body absorbs attacks. (AC +1, EV +1)
((You are camouflaged when in or above water. (Stealth+)))
You have tentacles for arms and can constrict up to eight enemies at once.


Message History

A rat is nearby!
A rat is nearby!
The helpless rat fails to defend itself.
You slash the rat!
You kill the rat!
Found a stone staircase leading up.
No target in view!
You now have 112 gold pieces (gained 11).
Sigmund the Dreaded comes into view.
He is wielding a +0 scythe.
Sigmund shouts!
Sigmund is nearby!
An adder comes into view.
Sigmund casts a spell.
Sigmund flickers and vanishes!
Deactivating autopickup; reactivate with Ctrl-A.
The adder hisses angrily.
Something hits you!
An adder is nearby!
An adder is nearby!
You hit the adder. You grab the adder.
The adder is lightly wounded.
You hit something.
You constrict the adder, but do no damage.
You block the adder's attack. Something completely misses you.
The adder bites you.
You are poisoned.
The adder poisons you!
You miss something. You barely miss the adder. You constrict the adder.
You feel sick. You block the adder's attack. Something hits you.
The adder bites you.
Unknown command.
You completely miss something. You hit the adder. You constrict the adder.
You feel sick. The adder misses you.
You hear some strange, mumbled words.
You are confused.
The adder bites you.
It was a potion of haste.
You feel yourself speed up.
You constrict the adder.
You kill the adder!
You feel sick. Something hits you!
You die...

#..# #.## ##..# #.#.
...# #.#.
###.#########.#.
#...........#.#.
#.#.#######.#.##
####+####.#.#######.#...
#.........#...<.........
#......@{.#########.####
#.........# ##+#...
#.........# #......
#.........# #......
#.........# #......
####......# #......
#......# #......
#..#+#.########......
..............


There were no monsters in sight!

Vanquished Creatures
  2 adders (D:2)
  2 dart slugs (D:1)
  5 bats
  An endoplasm (D:2)
  3 giant cockroaches
  5 goblins (D:1)
  A hobgoblin (D:2)
  4 jackals (D:1)
  4 ball pythons
  2 frilled lizards (D:1)
  2 kobolds
  5 rats
36 creatures vanquished.

Notes
Turn   | Place    | Note
-------+----------+-------------------------------------------
     0 | D:1      | Kurtz the Octopode Fighter began the quest for the Orb.
     0 | D:1      | Reached XP level 1. HP: 16/16 MP: 1/1
   105 | D:1      | Reached XP level 2. HP: 18/21 MP: 2/2
   331 | D:1      | Reached skill level 3 in Axes
   528 | D:1      | Reached XP level 3. HP: 26/26 MP: 3/3
   855 | D:2      | Reached skill level 4 in Axes
   891 | D:2      | Noticed Sigmund
   899 | D:2      | Slain by Sigmund

Illustrated notes

Levels and vault maps discovered:
D:1:      spicycebolla_green_bress_n_ham, layout_basic
D:2:      layout_basic, kennysheep_path_1, corexii_leaking_fountain,
          amcnicky_mini_pool_small, uniq_sigmund

Skill      XL: |  1  2  3 |
---------------+----------+-----
Axes           | 3 4 |  4.0
Fighting       | |  3.0
Dodging        | |  3.0
Shields        | |  3.0

Action                     || total
---------------------------++-------
  Melee: War axe           ||    55
         Constrict         ||    11
         Tentacles         ||     4
    Use: Potion            ||     1
   Stab: Sleeping          ||     9
 Armour: Skin              ||    26
  Dodge: Dodged            ||    32
  Block: Buckler           ||     8

Table legend: (Time is in decaauts)
 A = Elapsed time spent in this place.
 B = Non-inter-level travel time spent in this place.
 C = Inter-level travel time spent in this place.
 D = Time resting spent in this place.
 E = Time spent auto-exploring this place.
 F = Levels seen in this place.
 G = Mean time per level.
                   A        B        C        D        E       F      G
               +--------+--------+--------+--------+--------+-----+--------+
         Total |    919 |    900 |     19 |      0 |    705 |   2 |  459.5 |
       Dungeon |    919 |    900 |     19 |      0 |    705 |   2 |  459.5 |
               +--------+--------+--------+--------+--------+-----+--------+

Top non-repeatable levels by time:
     D:1: 681 daAuts
     D:2: 237 daAuts
